 Dungeon Crawl Stone Soup version 0.25.1-2-g60ff931df9 (webtiles) character file.

Game seed: 14299358313876035829

364 funkygono the Conjurer (level 6, -5/45 HPs)
             Began as a Draconian Conjurer on Aug 28, 2020.
             Slain by Edmund
             ... wielding a +4 dire flail of protection
              (13 damage)
             ... on level 4 of the Dungeon.
             The game lasted 00:08:38 (3478 turns).

funkygono the Conjurer (Draconian Conjurer)         Turns: 3478, Time: 00:08:39

Health: -5/45      AC:  6    Str: 10    XL:     6   Next: 39%
Magic:  5/11       EV: 12    Int: 18    God:
Gold:   201        SH:  0    Dex: 11    Spells: 5/12 levels left

rFire    . . .     SeeInvis .   k - +2 short sword (drain)
rCold    . . .     Gourm    .   (no shield)
rNeg     . . .     Faith    .   (armour unavailable)
rPois    .         Spirit   .   (helmet restricted)
rElec    .         Reflect  .   (no cloak)
rCorr    .         Harm     .   (no gloves)
MR       .....                  (no boots)
Stlth    ++........             n - amulet of magic regeneration
HPRegen  0.15/turn              (no ring)
MPRegen  0.37/turn              (no ring)

@: no status effects
A: unfitting armour, cold-blooded, AC +6
a: no special abilities


You were on level 4 of the Dungeon.
You were not hungry.

You visited 1 branch of the dungeon, and saw 4 of its levels.

You collected 201 gold pieces.

Inventory:

Hand Weapons
 k - a +2 short sword of draining (weapon)
Armour
 e - a +0 buckler
Jewellery
 f - an uncursed amulet of regeneration
 n - an amulet of magic regeneration (around neck)
 t - a +6 ring of dexterity {unknown}
 x - an uncursed ring of stealth {unknown}
Scrolls
 a - a scroll of teleportation
 i - 3 scrolls of amnesia
 q - a scroll of noise {unknown}
 r - a scroll of enchant weapon
 u - a scroll of remove curse {unknown}
 v - a scroll of identify
Potions
 c - a potion of brilliance
 d - a potion of heal wounds {unknown}
 g - 2 potions of lignification
 h - 3 potions of mutation
 j - 2 potions of ambrosia
 l - a potion of invisibility
 o - 2 potions of degeneration {unknown}
 p - a potion of cancellation {unknown}
 s - a potion of curing {unknown}
 w - a potion of might {unknown}
Comestibles
 b - 5 rations
 m - 2 chunks of flesh


   Skills:
 + Level 0.1 Fighting
 + Level 2.5 Dodging
 - Level 2.1 Stealth
 + Level 3.9 Spellcasting
 + Level 6.2 Conjurations


You had 5 spell levels left.
You knew the following spells:

 Your Spells              Type           Power        Failure   Level  Hunger
a - Magic Dart            Conj           ####         1%          1    None
b - Searing Ray           Conj           ####..       1%          2    ##.....
c - Iskenderun's Mystic   Conj/Tloc      ##......     38%         4    ####...

Your spell library contained the following spells:

 Spells                   Type           Power        Failure   Level  Hunger
 Dazzling Flash           Conj/Hex       ##....       12%         3    ###....
 Corona                   Hex            #......      16%         1    None
 Fulminant Prism          Conj/Hex       ##........   38%         4    ####...


Dungeon Overview and Level Annotations

Branches:
Dungeon (4/15)
 Temple: D:4-7

Altars:
Dithmenos
Elyvilon
Kikubaaqudgha
Makhleb
Qazlal
Yredelemnul

Annotations:
D:4 Edmund


Innate Abilities, Weirdness & Mutations

Your plain brown scales are hard. (AC +6)
You cannot fit into any form of body armour.
You are cold-blooded and may be slowed by cold attacks.


Message History

* * * LOW HITPOINT WARNING * * *
You see here 2 stones.
Casting: Searing Ray (safe; 1% risk of failure)
Confirm with . or Enter, or press ? or * to list all spells.
Aiming: Magic Dart (safe; 1% risk of failure)
Press: ? - help, Shift-Dir - straight line The magic dart hits something.
Something hits you.
* * * LOW HITPOINT WARNING * * *
There is an open door here.
You see here a stone.
You see here an orc skeleton.
Casting: Magic Dart (safe; 1% risk of failure)
Confirm with . or Enter, or press ? or * to list all spells.
Aiming: Searing Ray (safe; 1% risk of failure)
Press: ? - help, Shift-Dir - straight line (Press . to maintain the ray.)
Something hits you.
* * * LOW HITPOINT WARNING * * *
Something hits you!
You die...

#.....##
#............#.###.##.
#......#
#............'.# #..#.
#....รท.#
#............### ##.#.
#......#
##'##'###....# #.#.
#......# #. #. #....#
#.#. #......# # #.
#....# #... ###'##.#
.. #....# ##..
#.##.################
#..
#####.##.......{@.#
#..
#.............###.#
### #.###.#######.#
#.# ## #.# #.# #.# #.#
#. #.# #.# #.# #.# #.
#.# #.# #.# #.# #. #.#
#.#######.###.# #. #.#
#..........##.# #.
#.###############.# #.


There were no monsters in sight!

Vanquished Creatures
  2 orc priests (D:4)
  A centaur skeleton (D:4)
  3 orc wizards
  Jessica (D:3)
  8 adders
  2 worms (D:4)
  A dart slug (D:2)
  3 leopard geckos
  10 orcs
  A ball python (D:3)
  6 giant cockroaches
  6 goblins
  8 hobgoblins
  3 jackals (D:4)
  2 quokkas (D:3)
  9 bats
  5 frilled lizards
  8 kobolds
  2 rats
81 creatures vanquished.

Notes
Turn   | Place    | Note
-------+----------+-------------------------------------------
     0 | D:1      | funkygono the Draconian Conjurer began the quest for the
                  | Orb.
     0 | D:1      | Reached XP level 1. HP: 14/14 MP: 3/3
   204 | D:1      | Reached XP level 2. HP: 20/20 MP: 0/5
   212 | D:1      | Learned a level 2 spell: Searing Ray
   874 | D:2      | Found a burning altar of Makhleb.
   888 | D:2      | Found a basalt altar of Yredelemnul.
  1018 | D:2      | Reached XP level 3. HP: 26/26 MP: 0/6
  1173 | D:2      | Found an ancient bone altar of Kikubaaqudgha.
  1266 | D:2      | Found a shadowy altar of Dithmenos.
  1537 | D:3      | Reached skill level 5 in Conjurations
  1635 | D:3      | Reached XP level 4. HP: 33/33 MP: 2/7
  2362 | D:3      | Reached XP level 5. HP: 38/38 MP: 6/9
  2394 | D:3      | Noticed Jessica
  2400 | D:3      | Killed Jessica
  2417 | D:3      | Identified Jessica's Incunabulum of Curses
  2510 | D:3      | Learned a level 4 spell: Iskenderun's Mystic Blast
  2626 | D:4      | Reached skill level 6 in Conjurations
  2671 | D:4      | Found a stormy altar of Qazlal.
  2701 | D:4      | Reached XP level 6. HP: 44/45 MP: 6/11
  2807 | D:4      | Found a white marble altar of Elyvilon.
  3442 | D:4      | Noticed Edmund
  3478 | D:4      | Slain by Edmund

Illustrated notes

Levels and vault maps discovered:
D:1:      lightli_arrival_boilingwater, layout_rooms
D:2:      layout_loops_ring, nicolae_overflow_quartered_altars
D:3:      layout_basic, kennysheep_jessica_study
D:4:      lemuel_upstairs_altar, layout_basic, kennysheep_little_box,
          nicolae_qazlal_general_emergency, first_ration, uniq_edmund

Skill      XL: |  1  2  3  4  5 |
---------------+----------------+-----
Dodging        | 2 |  2.5
Stealth        | 2 |  2.1
Conjurations   | 5 6 |  6.2
Spellcasting   | 3 |  3.9
Fighting       | |  0.1

Action                   |  1- 3 |  4- 6 || total
-------------------------+-------+-------++-------
Melee: Short sword       |     1 |     3 ||     4
 Cast: Magic Dart        |    64 |    72 ||   136
       Searing Ray       |     2 |    19 ||    21
  Use: Scroll            |    10 |     3 ||    13
  Eat: Chunk             |     3 |     7 ||    10
Armor: Skin              |     3 |     7 ||    10
Dodge: Dodged            |     6 |    15 ||    21
